 Dungeon Crawl Stone Soup version 0.25-a0-460-g4f2eb97ec1 (webtiles) character file.

Game seed: 14449171110087565445, levelgen mode: deterministic

9695 ReteAZ the Fighter (level 11, -7/97 HPs)
             Began as a Gnoll Wanderer on Feb 3, 2020.
             Was a High Priest of Cheibriados.
             Mangled by a komodo dragon (19 damage)
             ... on level 1 of the Lair of Beasts.
             The game lasted 00:18:23 (8326 turns).

ReteAZ the Fighter (Gnoll Wanderer)                 Turns: 8326, Time: 00:18:23

Health: -7/97      AC: 18    Str: 32    XL:     11   Next: 50%
Magic:  20/20      EV: 14    Int: 32    God:    Cheibriados [*****.]
Gold:   575        SH:  7    Dex: 27    Spells: 22/22 levels left

rFire    + . .     SeeInvis .   K - +5 hand axe "Ehunofis" {venom, +Blink rF+ rC+}
rCold    + + .     Gourm    .   l - +0 buckler (curse)
rNeg     . . .     Faith    .   q - +0 plate armour
rPois    .         Spirit   .   E - +0 helmet
rElec    .         Reflect  .   d - +2 cloak
rCorr    .         Harm     .   x - +0 pair of gloves
MR       ++...                  (no boots)
Stlth    ..........             (no amulet)
HPRegen  0.66/turn              J - ring of protection from magic
MPRegen  0.17/turn              F - ring of protection from magic

@: lethally poisoned (-7 -> -7), very slow
A: distributed training, fangs 1, cold resistance 1, regeneration 1, robust 1,
strong 1, strong nose
a: Bend Time, Temporal Distortion, Slouch, Step From Time, Renounce Religion,
Evoke Blink


You were on level 1 of the Lair of Beasts.
You worshipped Cheibriados.
Cheibriados was extremely pleased with you.
You were not hungry.

You visited 2 branches of the dungeon, and saw 11 of its levels.
You also visited: Sewer.

You collected 575 gold pieces.

Inventory:

Hand Weapons
 e - a +1 war axe of electrocution
 K - the +5 hand axe "Ehunofis" (weapon) {venom, +Blink rF+ rC+}
   (You found it on level 7 of the Dungeon)

   It poisons the flesh of those it strikes.
   It protects you from fire.
   It protects you from cold.
   It lets you blink.
 Q - a +1 scimitar of flaming
Missiles
 o - 16 boomerangs (quivered)
 H - 10 poisoned darts
Armour
 d - a +2 cloak (worn)
 l - a cursed +0 buckler (worn)
 q - a +0 plate armour (worn)
 x - a +0 pair of gloves (worn)
 E - a +0 helmet (worn)
 N - +0 steam dragon scales
 R - a +2 robe of cold resistance
Jewellery
 A - an uncursed ring of magical power
 D - an uncursed ring of protection from cold
 F - a ring of protection from magic (right hand)
 J - a ring of protection from magic (left hand)
Wands
 g - a wand of iceblast (7)
 C - a wand of disintegration (11)
 I - a wand of digging (8)
 P - a wand of paralysis (5)
Scrolls
 b - 2 scrolls of enchant armour {unknown}
 c - 5 scrolls of teleportation
 i - 2 scrolls of amnesia {unknown}
 j - 2 scrolls of magic mapping {unknown}
 k - a scroll of vulnerability {unknown}
 m - 6 scrolls of remove curse {unknown}
 n - 3 scrolls of enchant weapon {unknown}
 t - 14 scrolls of identify
 u - a scroll of noise {unknown}
 v - 4 scrolls of blinking {unknown}
 y - 3 scrolls of fear {unknown}
Potions
 a - a potion of agility
 h - 3 potions of mutation
 p - 2 potions of curing
 r - a potion of heal wounds
 w - 2 potions of brilliance
 B - 6 potions of might
 L - 2 potions of flight {unknown}
 O - a potion of magic
Comestibles
 f - 22 rations
 s - 4 chunks of flesh


   Skills:
 + Level 9.1 Fighting
 + Level 6.2 Short Blades
 + Level 6.2 Long Blades
 + Level 6.2 Axes
 + Level 6.2 Maces & Flails
 + Level 7.8 Polearms
 + Level 6.2 Staves
 + Level 6.2 Slings
 + Level 6.2 Bows
 + Level 6.2 Crossbows
 + Level 6.2 Throwing
 + Level 6.2 Armour
 + Level 6.8 Dodging
 + Level 6.7 Stealth
 + Level 6.8 Shields
 + Level 6.8 Unarmed Combat
 + Level 6.2 Spellcasting
 + Level 5.1 Conjurations
 + Level 5.1 Hexes
 + Level 5.1 Charms
 + Level 5.1 Summonings
 + Level 5.1 Necromancy
 + Level 5.1 Translocations
 + Level 5.1 Transmutations
 + Level 5.1 Fire Magic
 + Level 5.1 Ice Magic
 + Level 5.1 Air Magic
 + Level 5.1 Earth Magic
 + Level 5.1 Poison Magic
 + Level 6.8 Invocations
 + Level 6.8 Evocations


You had 22 spell levels left.
You didn't know any spells.
Your spell library contained the following spells:

 Spells                   Type           Power        Failure   Level  Hunger
 Freeze                   Ice            ####         4%          1    None
 Ozocubu's Armour         Chrm/Ice       #####...     12%         3    None
 Cause Fear               Hex            #####.....   38%         4    ##.....
 Hailstorm                Conj/Ice       #####...     38%         4    ##.....
 Summon Ice Beast         Ice/Summ       #####...     38%         4    ##.....
 Silence                  Hex/Air        #####.....   75%         5    ####...
 Yara's Violent Unravell  Hex/Tmut       #####.....   75%         5    ####...
 Deflect Missiles         Chrm/Air       #####.....   99%         6    ######.
 Discord                  Hex            #####.....   100%        8    #######


Dungeon Overview and Level Annotations

Branches:
Dungeon (10/15)            Temple (0/1) D:7            Lair (1/6) D:8
    Orc (0/2) D:9           Sewer (visited)

Altars:
Cheibriados
Dithmenos
Fedhas
Gozag
Hepliaklqana
Kikubaaqudgha
Makhleb
Ru
Sif Muna
Trog
Vehumet
Wu Jian
Xom

Annotations:
D:2 Terence
D:4 2 transporters, TimeIsEndless's ghost, amateur GnFi
D:8 3 runed translucent doors, Laukis's ghost, novice DrTm
D:9 2 transporters, 2 runed translucent doors, Beaer's ghost, novice VSEn
D:10 Snorg


Innate Abilities, Weirdness & Mutations

Your experience applies equally to all skills.
You have very sharp teeth.
Your uncanny sense of smell can sniff out nearby items.
Your flesh is cold resistant. (rC+)
Your natural rate of healing is unusually fast.
You are robust. (+10% HP)
Your muscles are strong. (Str +2)


Message History

* * * LOW HITPOINT WARNING * * *
You hit the komodo dragon but do no damage.
The komodo dragon is poisoned.
The komodo dragon bites you.
* * * LOW HITPOINT WARNING * * *
You completely miss the komodo dragon.
You feel sick. You block the komodo dragon's attack.
You hit the komodo dragon.
The komodo dragon looks as sick as possible!
Your bite misses the komodo dragon.
The komodo dragon is moderately wounded.
You feel sick.
The komodo dragon bites you but does no damage.
You slash the komodo dragon!
The komodo dragon looks as sick as possible!
Your bite misses the komodo dragon.
The komodo dragon is heavily wounded.
You feel sick. The komodo dragon bites you!
* * * LOW HITPOINT WARNING * * *
You feel sick. The komodo dragon bites you!!
You die...

#.........##........
#.........##........
#.........#†.#......
#............#......
##...........##......
#..........####......
##....∆....# ###.##.
########.÷.## ## .
#....@l...## ###
##..#.##### ####.#
##.######## #....#
#.........# ###...#
#.........###.....##
##..................#
#..............#....#
##..............#####
#.........P...##


You could see a komodo dragon.

Vanquished Creatures
  A two-headed ogre (D:10)
  Erica (D:9)
  An unseen horror (D:7)
  Maurice (D:9)
  Joseph (D:10)
  Psyche (D:9)
  Maggie (D:8)
  2 spiny frogs (Lair:1)
  A komodo dragon (Lair:1)
  Grinder (D:5)
  A hippogriff (D:10)
  6 yaks
  A wyvern (Lair:1)
  2 hungry ghosts
  2 water moccasins (Lair:1)
  Duvessa (D:4)
  2 orc warriors
  3 phantoms
  2 ice beasts
  2 sky beasts
  4 ogres
  3 centaurs
  2 crocodiles (Lair:1)
  4 big kobolds
  A bullfrog (D:4)
  A wyvern zombie (D:7)
  5 scorpions
  Dowan (D:4)
  3 killer bees (D:10)
  4 wights
  3 howler monkeys
  5 crimson imps
  2 bullfrog zombies (D:9)
  A centaur zombie (D:9)
  3 hounds
  2 jellies (D:5)
  An orc priest (D:7)
  3 bullfrog skeletons
  6 iguanas
  Jessica (D:3)
  5 orc wizards
  5 worker ants
  2 hound skeletons
  A worker ant zombie (D:9)
  7 gnolls
  11 adders
  2 river rats (Sewer)
  4 shadow imps
  2 oozes (D:3)
  4 worms
  A dart slug (D:1)
  5 leopard geckos
  23 orcs
  4 ball pythons
  8 bats
  6 giant cockroaches
  5 goblins
  2 hobgoblins (D:3)
  7 jackals
  3 quokkas
  7 frilled lizards
  35 kobolds
  A quokka skeleton (D:8)
  10 rats
  A fungus (Lair:1)
249 creatures vanquished.

Vanquished Creatures (others)
  2 fungi (Lair:1)
2 creatures vanquished.

Grand Total: 251 creatures vanquished

Notes
Turn   | Place    | Note
-------+----------+-------------------------------------------
     0 | D:1      | ReteAZ the Gnoll Wanderer began the quest for the Orb.
     0 | D:1      | ReteAZ set off with the following items: a +2 spear, a +0
                  | short sword, a scroll of teleportation, a +0 robe, a ration
     0 | D:1      | Reached XP level 1. HP: 23/23 MP: 2/2
    61 | D:1      | Reached XP level 2. HP: 29/29 MP: 3/3
   714 | D:2      | Noticed Terence
   717 | D:2      | Gained mutation: Your natural rate of healing is unusually
                  | fast. [potion of mutation]
   717 | D:2      | Gained mutation: You are robust. (+10% HP) [potion of
                  | mutation]
   717 | D:2      | Gained mutation: Your flesh is cold resistant. (rC+)
                  | [potion of mutation]
   717 | D:2      | Gained mutation: Your muscles are strong. (Str +2) [potion
                  | of mutation]
   900 | D:2      | Reached XP level 3. HP: 38/38 MP: 4/4
  1020 | D:2      | Reached skill level 1 in Invocations
  1100 | D:2      | Found a shimmering blue altar of Sif Muna.
  1115 | D:2      | Found a shadowy altar of Dithmenos.
  1116 | D:2      | Found a sacrificial altar of Ru.
  1118 | D:2      | Found a snail-covered altar of Cheibriados.
  1119 | D:2      | Found a shimmering altar of Xom.
  1120 | D:2      | Found a radiant altar of Vehumet.
  1131 | D:2      | Became a worshipper of Cheibriados the Contemplative
  1262 | D:2      | Reached skill level 1 in Short Blades
  1262 | D:2      | Reached skill level 1 in Long Blades
  1262 | D:2      | Reached skill level 1 in Axes
  1262 | D:2      | Reached skill level 1 in Maces & Flails
  1262 | D:2      | Reached skill level 1 in Staves
  1262 | D:2      | Reached skill level 1 in Slings
  1262 | D:2      | Reached skill level 1 in Bows
  1262 | D:2      | Reached skill level 1 in Crossbows
  1262 | D:2      | Reached skill level 1 in Throwing
  1262 | D:2      | Reached skill level 1 in Armour
  1262 | D:2      | Reached skill level 1 in Spellcasting
  1313 | D:2      | Found an opulent altar of Gozag.
  1492 | D:3      | Reached XP level 4. HP: 45/45 MP: 6/6
  1520 | D:3      | Found a glowing drain.
  1554 | Sewer    | Entered a sewer
  1647 | Sewer    | Reached * piety under Cheibriados
  1659 | Sewer    | Noticed a big kobold
  1663 | Sewer    | Reached skill level 1 in Conjurations
  1663 | Sewer    | Reached skill level 1 in Hexes
  1663 | Sewer    | Reached skill level 1 in Charms
  1663 | Sewer    | Reached skill level 1 in Summonings
  1663 | Sewer    | Reached skill level 1 in Necromancy
  1663 | Sewer    | Reached skill level 1 in Translocations
  1663 | Sewer    | Reached skill level 1 in Transmutations
  1663 | Sewer    | Reached skill level 1 in Fire Magic
  1663 | Sewer    | Reached skill level 1 in Ice Magic
  1663 | Sewer    | Reached skill level 1 in Air Magic
  1663 | Sewer    | Reached skill level 1 in Earth Magic
  1663 | Sewer    | Reached skill level 1 in Poison Magic
  1702 | Sewer    | Killed a big kobold
  1702 | Sewer    | Reached XP level 5. HP: 51/51 MP: 7/7
  1827 | Sewer    | Noticed a big kobold
  1844 | Sewer    | Killed a big kobold
  1844 | Sewer    | Reached XP level 6. HP: 33/58 MP: 8/8
  2093 | D:3      | Found a faded altar of an unknown god.
  2352 | D:3      | Noticed Jessica
  2360 | D:3      | Killed Jessica
  2360 | D:3      | Reached skill level 5 in Polearms
  2437 | D:3      | Found a burning altar of Makhleb.
  2516 | D:3      | Reached ** piety under Cheibriados
  2884 | D:4      | Noticed a phantom
  2961 | D:4      | Killed a phantom
  2961 | D:4      | Reached XP level 7. HP: 43/64 MP: 10/10
  3067 | D:4      | Noticed Dowan
  3069 | D:4      | Noticed Duvessa
  3085 | D:4      | Killed Dowan
  3085 | D:4      | Reached skill level 7 in Fighting
  3092 | D:4      | Killed Duvessa
  3237 | D:4      | Found a transporter.
  3242 | D:4      | Found a transporter.
  3244 | D:4      | Noticed TimeIsEndless's ghost (amateur GnFi)
  3482 | D:4      | Reached XP level 8. HP: 69/73 MP: 12/12
  3724 | D:5      | Entered Level 5 of the Dungeon
  3848 | D:5      | Reached *** piety under Cheibriados
  3905 | D:5      | Noticed Grinder
  3981 | D:5      | Paralysed by Grinder for 2 turns
  4008 | D:5      | Paralysed by Grinder for 2 turns
  4013 | D:5      | Killed Grinder
  4375 | D:5      | Found a blossoming altar of Fedhas.
  4551 | D:6      | Reached XP level 9. HP: 78/79 MP: 14/14
  4653 | D:6      | Reached **** piety under Cheibriados
  5757 | D:7      | Reached skill level 5 in Dodging
  5757 | D:7      | Reached skill level 5 in Shields
  5757 | D:7      | Reached skill level 5 in Unarmed Combat
  5757 | D:7      | Reached skill level 5 in Evocations
  5781 | D:7      | Found a staircase to the Ecumenical Temple.
  5878 | D:7      | Killed an unseen horror
  5878 | D:7      | Reached skill level 8 in Fighting
  5878 | D:7      | Reached skill level 5 in Stealth
  5878 | D:7      | Reached skill level 5 in Invocations
  6069 | D:7      | Reached ***** piety under Cheibriados
  6169 | D:7      | Reached XP level 10. HP: 88/88 MP: 17/17
  6198 | D:7      | Got a shimmering hand axe
  6199 | D:7      | Identified the +5 hand axe "Ehunofis" {venom, +Blink rF+
                  | rC+} (You found it on level 7 of the Dungeon)
  6645 | D:7      | Found an ornate altar of the Wu Jian Council.
  6700 | D:8      | Found a staircase to the Lair.
  6804 | D:8      | Noticed Maggie
  6880 | D:9      | Found a transporter.
  6888 | D:9      | Noticed a deep elf mage
  6890 | D:9      | Noticed a deep elf mage
  6936 | D:9      | Reached skill level 5 in Short Blades
  6936 | D:9      | Reached skill level 5 in Long Blades
  6936 | D:9      | Reached skill level 5 in Axes
  6936 | D:9      | Reached skill level 5 in Maces & Flails
  6936 | D:9      | Reached skill level 5 in Staves
  6936 | D:9      | Reached skill level 5 in Slings
  6936 | D:9      | Reached skill level 5 in Bows
  6936 | D:9      | Reached skill level 5 in Crossbows
  6936 | D:9      | Reached skill level 5 in Throwing
  6936 | D:9      | Reached skill level 5 in Armour
  6936 | D:9      | Reached skill level 5 in Spellcasting
  6939 | D:9      | Found a staircase to the Orcish Mines.
  6949 | D:9      | Found a hazy altar of Hepliaklqana.
  6950 | D:9      | Found a bloodstained altar of Trog.
  6951 | D:9      | Found an ancient bone altar of Kikubaaqudgha.
  7075 | D:8      | Killed Maggie
  7133 | D:8      | Found a runed translucent gate.
  7133 | D:8      | Found a runed translucent gate.
  7133 | D:8      | Found a runed translucent gate.
  7145 | D:8      | Noticed Laukis's ghost (novice DrTm)
  7308 | D:9      | Noticed Psyche
  7320 | D:9      | Killed Psyche
  7322 | D:9      | Noticed Erica
  7338 | D:9      | Killed Erica
  7347 | D:9      | Reached XP level 11. HP: 77/95 MP: 19/19
  7398 | D:9      | Noticed Maurice
  7399 | D:9      | Found a large runed translucent door.
  7403 | D:9      | Found a large runed translucent door.
  7405 | D:9      | Noticed Beaer's ghost (novice VSEn)
  7414 | D:9      | Killed Maurice
  7487 | D:9      | Found a transporter.
  7642 | D:10     | Entered Level 10 of the Dungeon
  7676 | D:10     | Noticed Joseph
  7690 | D:10     | Killed Joseph
  7792 | D:10     | Noticed Snorg
  7854 | D:10     | Noticed a two-headed ogre
  7865 | D:10     | Killed a two-headed ogre
  7865 | D:10     | Reached skill level 9 in Fighting
  7865 | D:10     | Reached skill level 5 in Conjurations
  7865 | D:10     | Reached skill level 5 in Hexes
  7865 | D:10     | Reached skill level 5 in Charms
  7865 | D:10     | Reached skill level 5 in Summonings
  7865 | D:10     | Reached skill level 5 in Necromancy
  7865 | D:10     | Reached skill level 5 in Translocations
  7865 | D:10     | Reached skill level 5 in Transmutations
  7865 | D:10     | Reached skill level 5 in Fire Magic
  7865 | D:10     | Reached skill level 5 in Ice Magic
  7865 | D:10     | Reached skill level 5 in Air Magic
  7865 | D:10     | Reached skill level 5 in Earth Magic
  7865 | D:10     | Reached skill level 5 in Poison Magic
  8150 | Lair:1   | Entered Level 1 of the Lair of Beasts
  8326 | Lair:1   | Mangled by a komodo dragon

Levels and vault maps discovered:
D:1:      scummos_arrival_simple_fountains, layout_basic
D:2:      layout_basic, marbit_many_paths, minitemple, first_ration,
          item_on_display_a, uniq_terence
D:3:      layout_basic, makhleb_grotto_becter, chequers_ecumenical_altar_twisty,
          cheibrodos_sewer_entry_drain, uniq_jessica
D:4:      layout_loops_ring, gammafunk_ghost_stat_death, chequers_jeans,
          uniq_duvessa
D:5:      layout_cave_pools, fedhas_altar_3, minmay_curled_crystal,
          minmay_misc_feat_diagonals, minmay_fountain_box, uniq_grinder
D:6:      kennysheep_kobold_camp, layout_basic
D:7:      layout_basic, lemuel_crystal_altar, minmay_temple_entry_gardened_gates
D:8:      layout_rooms, lair_entry_dummy, gammafunk_ghost_spectres, uniq_maggie
D:9:      layout_big_octagon, gammafunk_temple_overflow_arena, orc_0_dummy,
          ebering_ghost_disaster_area, uniq_maurice, uniq_erica, uniq_psyche
D:10:     layout_rooms, uniq_joseph, uniq_snorg
Lair:1:   layout_roguey, lemuel_fruit_tree, grunt_megastairs_3

Skill      XL: |  1  2  3  4  5  6  7  8  9 10 11 |
---------------+----------------------------------+-----
Invocations    | 1 2 3 4 5 6 |  6.8
Short Blades   | 1 2 3 4 5 6 |  6.2
Long Blades    | 1 2 3 4 5 6 |  6.2
Axes           | 1 2 3 4 5 6 |  6.2
Maces & Flails | 1 2 3 4 5 6 |  6.2
Staves         | 1 2 3 4 5 6 |  6.2
Slings         | 1 2 3 4 5 6 |  6.2
Bows           | 1 2 3 4 5 6 |  6.2
Crossbows      | 1 2 3 4 5 6 |  6.2
Throwing       | 1 2 3 4 5 6 |  6.2
Armour         | 1 2 3 4 5 6 |  6.2
Spellcasting   | 1 2 3 4 5 6 |  6.2
Conjurations   | 1 2 3 4 5 |  5.1
Hexes          | 1 2 3 4 5 |  5.1
Charms         | 1 2 3 4 5 |  5.1
Summonings     | 1 2 3 4 5 |  5.1
Necromancy     | 1 2 3 4 5 |  5.1
Translocations | 1 2 3 4 5 |  5.1
Transmutations | 1 2 3 4 5 |  5.1
Fire Magic     | 1 2 3 4 5 |  5.1
Ice Magic      | 1 2 3 4 5 |  5.1
Air Magic      | 1 2 3 4 5 |  5.1
Earth Magic    | 1 2 3 4 5 |  5.1
Poison Magic   | 1 2 3 4 5 |  5.1
Dodging        | 3 4 5 6 |  6.8
Shields        | 3 4 5 6 |  6.8
Unarmed Combat | 3 4 5 6 |  6.8
Evocations     | 3 4 5 6 |  6.8
Stealth        | 3 4 5 6 |  6.7
Polearms       | 5 6 7 |  7.8
Fighting       | 7 8 9 |  9.1

Action                   |  1- 3 |  4- 6 |  7- 9 | 10-12 || total
-------------------------+-------+-------+-------+-------++-------
Melee: Spear             |   115 |   158 |    61 |       ||   334
       Bite              |     5 |    29 |   109 |    66 ||   209
       Dagger            |       |   122 |   477 |    11 ||   610
       Hand axe          |       |       |       |   241 ||   241
Throw: Boomerang         |       |    10 |       |       ||    10
Evoke: Wand              |       |       |       |     1 ||     1
  Use: Potion            |     1 |     6 |     5 |       ||    12
       Scroll            |       |     1 |     1 |     1 ||     3
 Stab: Sleeping          |     3 |     2 |     1 |       ||     6
  Eat: Chunk             |     2 |     3 |     6 |     8 ||    19
       Ration            |       |       |       |     1 ||     1
Armor: Ring mail         |    21 |    46 |     7 |       ||    74
       Robe              |     1 |       |       |       ||     1
       Plate armour      |       |       |   285 |   142 ||   427
Dodge: Dodged            |    44 |    77 |   230 |   178 ||   529
Block: Buckler           |    12 |    40 |   143 |   102 ||   297

Table legend:
 A = Non-vault XP
 B = Vault XP
 C = Vault XP percentage of total XP
 D = Non-vault monster count
 E = Vault monster count
 F = Vault count percentage of total count
                 A         B        C        D         E       F
            +---------+---------+-------+---------+---------+-------
      Total |   10091 |    3759 |  27.1 |     196 |      52 |  21.0
            +---------+---------+-------+---------+---------+-------
        D:1 |      23 |       0 |   0.0 |      14 |       0 |   0.0
        D:2 |      55 |       1 |   1.8 |      19 |       1 |   5.0
        D:3 |      80 |      92 |  53.5 |      18 |       4 |  18.2
        D:4 |     678 |     222 |  24.7 |      24 |       2 |   7.7
        D:5 |     566 |     262 |  31.6 |      23 |       1 |   4.2
        D:6 |     746 |     125 |  14.4 |      18 |      21 |  53.8
        D:7 |    1919 |       0 |   0.0 |      28 |       0 |   0.0
        D:8 |    1125 |     389 |  25.7 |      15 |       1 |   6.2
        D:9 |    1630 |    1808 |  52.6 |      22 |       3 |  12.0
       D:10 |    1588 |     430 |  21.3 |       8 |       1 |  11.1
     Lair:1 |    1681 |     151 |   8.2 |       7 |       1 |  12.5
      Sewer |       0 |     279 | 100.0 |       0 |      17 | 100.0
            +---------+---------+-------+---------+---------+-------
